Map: Pillars of Gold LE

Players

AfreecaDRG (DRG)

  • Race: Zerg Zerg
  • League: Master
  • Spawn Location: 7:00

Stats - Winner!

  • Race: Protoss Protoss
  • League: Grandmaster
  • Spawn Location: 1:00

Event: DreamHack SC2 Masters 2020 Fall

VOD

Have the link to the VOD?

Description

Time

  • Played on: Sept. 16, 2020, 10:45 a.m.
  • Length: 18:29

All games in this series

Show
View Real Time Build Order
Export as new Build Order

AfreecaDRG Zerg 

Build Orders: Hatch First, Lurkers 

Get SALT Encoding   

  12  0:00  Drone  
  13  0:12  Overlord  
  13  0:17  Drone  
  14  0:30  Drone x2  
  16  0:48  Drone x2  
  18  0:57  Hatchery  
  18  1:00  Drone  
  18  1:02  Extractor  
  17  1:15  Spawning Pool  
  16  1:19  Drone  
  16  1:22  Drone  
  18  1:28  Drone  
  19  1:39  Drone  
  20  1:50  Drone  
  21  2:03  Zergling x2  
  21  2:08  Queen x2  
  22  2:09  Metabolic Boost  
  22  2:11  Overlord  
  22  2:14  Drone  
  27  2:19  Drone  
  29  2:30  Drone  
  29  2:31  Drone  
  30  2:39  Hatchery  
  30  2:41  Zergling x2  
  30  2:44  Drone  
  31  2:52  Queen  
  31  2:57  Overlord  
  33  2:59  Zergling x2  
  33  3:03  Zergling x2  
  33  3:04  Drone  
  36  3:09  Overlord  
  36  3:15  Drone x2  
  36  3:16  Drone  
  36  3:17  Drone  
  36  3:19  Drone  
  41  3:24  Drone  
  42  3:28  Queen  
  42  3:30  Drone  
  45  3:35  Drone  
  45  3:38  Overlord  
  45  3:40  Spore Crawler  
  45  3:45  Drone  
  46  3:49  Drone x3  
  46  3:52  Queen  
  51  3:56  Spore Crawler  
  51  4:01  Overlord  
  49  4:04  Drone x2  
  49  4:06  Drone x2  
  49  4:07  Drone  
  54  4:16  Drone  
  55  4:18  Overlord  
  55  4:20  Zergling x8  
  55  4:22  Zergling x2  
  60  4:25  Drone x2  
  60  4:28  Drone  
  63  4:31  Overlord  
  63  4:36  Drone x2  
  65  4:40  Overlord  
  65  4:45  Spore Crawler  
  64  4:46  Drone  
  64  4:50  Drone x4  
  70  4:52  Drone  
  70  4:53  Drone x3  
  70  4:56  Lair  
  70  4:58  Extractor  
  70  4:59  Extractor  
  71  5:00  Roach Warren  
  71  5:01  Drone x2  
  71  5:03  Drone  
  71  5:05  Drone x2  
  75  5:08  Drone  
  75  5:10  Drone x3  
  75  5:11  Drone  
  75  5:13  Drone  
  81  5:16  Extractor, Overlord  
  81  5:17  Extractor  
  81  5:20  Extractor, Overlord  
  78  5:21  Drone x2  
  78  5:23  Drone  
  78  5:28  Overlord  
  81  5:29  Drone  
  81  5:34  Overlord  
  82  5:36  Evolution Chamber  
  82  5:37  Drone  
  82  5:38  Drone  
  82  5:42  Drone x2  
  85  5:43  Drone  
  85  5:49  Roach x3  
  92  5:55  Roach x4  
  92  5:56  Hatchery  
  99  5:58  Overseer  
  99  6:03  Zerg Missile Weapons Level 1  
  99  6:06  Overlord x2  
  99  6:08  Drone  
  100  6:12  Roach x4  
  108  6:26  Roach x3  
  114  6:34  Drone x7  
  121  6:41  Overlord  
  121  6:42  Overlord x3  
  121  6:45  Drone x2  
  121  6:46  Extractor  
  122  6:49  Extractor  
  122  6:50  Overlord x3  
  121  6:56  Roach x4  
  129  7:01  Drone  
  129  7:07  Roach x4  
  138  7:09  Glial Reconstitution  
  138  7:20  Ravager x2, Spire  
  138  7:21  Ravager x4  
  143  7:23  Zergling x10  
  147  7:35  Roach  
  147  7:36  Roach x9  
  158  7:42  Queen, Roach x3  
  160  7:45  Spore Crawler  
  160  7:50  Zergling x10  
  164  7:57  Overlord x2  
  164  8:01  Zergling x10  
  164  8:03  Overlord  
  168  8:06  Drone x2  
  170  8:14  Hatchery  
  170  8:16  Zerg Melee Weapons Level 1  
  163  8:20  Queen  
  163  8:22  Queen x2  
  165  8:52  Zerg Flyer Weapons Level 1  
  165  8:53  Mutalisk x14  
  193  8:57  Mutalisk x2  
  193  9:01  Drone  
  198  9:03  Hydralisk Den  
  198  9:06  Infestation Pit  
  182  9:26  Mutalisk x6  
  183  9:34  Mutalisk x2  
  183  9:36  Drone  
  188  9:50  Mutalisk x3  
  188  9:52  Zergling x14  
  199  9:58  Extractor  
  199  9:59  Extractor  
  197  10:02  Pneumatized Carapace  
  197  10:10  Zerg Missile Weapons Level 2  
  197  10:11  Grooved Spines  
  191  10:18  Hive  
  191  10:19  Drone x2  
  193  10:26  Hydralisk x3  
  199  10:37  Overseer  
  199  10:43  Overseer  
  199  10:45  Burrow  
  194  11:18  Hydralisk x8  
  181  11:20  Hydralisk x2  
  181  11:22  Muscular Augments  
  181  11:25  Drone  
  199  11:26  Spore Crawler  
  199  11:32  Lurker Den  
  193  11:40  Hydralisk x3  
  193  12:01  Hydralisk x3  
  198  12:15  Hydralisk x3  
  194  12:20  Evolution Chamber  
  197  12:27  Zerg Ground Armor Level 1  
  194  12:31  Hydralisk x7  
  194  12:34  Seismic Spines  
  188  12:37  Overlord  
  188  12:38  Overlord  
  188  12:44  Lurker x10  
  198  12:56  Hydralisk x8  
  198  12:57  Hydralisk x3  
  172  13:06  Drone x2  
  172  13:12  Hydralisk x6  
  156  13:15  Lurker x6, Hatchery  
  156  13:16  Lurker x3  
  156  13:19  Zerg Missile Weapons Level 3  
  164  13:21  Hydralisk x9  
  164  13:26  Drone x2  
  164  13:27  Drone  
  181  13:28  Overseer x2  
  181  13:29  Hydralisk x7  
  181  13:31  Adaptive Talons  
  195  13:37  Drone x5  
  195  13:38  Spore Crawler  
  195  13:40  Spine Crawler x2  
  194  13:41  Overseer x2  
  194  13:44  Hydralisk x3  
  200  13:57  Spire x2  
  198  14:03  Hydralisk  
  192  14:10  Hydralisk x5  
  192  14:13  Zerg Flyer Weapons Level 2  
  192  14:15  Drone  
  191  14:17  Hydralisk  
  191  14:22  Lurker  
  191  14:23  Lurker x2  
  196  14:41  Hydralisk x6  
  196  14:45  Hydralisk x5  
  188  14:50  Hydralisk  
  188  14:51  Hydralisk  
  181  14:53  Overseer x2  
  181  14:58  Overlord x2  
  176  15:03  Overlord x2  
  176  15:05  Lurker x3  
  176  15:06  Drone  
  178  15:07  Drone  
  178  15:13  Drone  
  180  15:15  Overlord  
  180  15:17  Lurker x4  
  180  15:18  Overseer x2  
  180  15:19  Hydralisk x2  
  179  15:31  Hydralisk x5  
  189  15:39  Hydralisk x3  
  189  15:41  Lurker x2  
  197  15:44  Hydralisk  
  199  15:52  Overseer  
  199  15:53  Overseer x2  
  199  16:04  Overseer  
  183  16:07  Hydralisk x5  
  185  16:14  Hydralisk x8  
  185  16:17  Overseer  
  185  16:18  Overseer  
  182  16:19  Drone  
  182  16:20  Drone x5  
  182  16:22  Extractor  
  182  16:23  Extractor  
  183  16:27  Hydralisk x3  
  189  16:34  Hydralisk x2  
  189  16:39  Hydralisk x3  
  195  16:47  Hydralisk x2  
  196  16:53  Overseer x2  
  194  16:58  Hydralisk x3  
  198  17:21  Spore Crawler  
  187  17:31  Hydralisk x5  
  187  17:33  Overlord  
  187  17:34  Overseer  
  179  17:47  Drone x4, Overseer  
  167  17:51  Viper x3  
  167  17:54  Overlord x2  
  167  17:56  Hydralisk x12  
  167  17:57  Overseer  
  197  18:06  Overlord  
  197  18:07  Overlord  
Show
View Real Time Build Order
Export as new Build Order

Stats Protoss - Winner!

Build Orders: 1 Gate Expand, Oracle Opening, Carriers, Zealot Archon 

Get SALT Encoding   

  12  0:00  Probe  
  13  0:13  Pylon  
  13  0:18  Probe (Chrono Boost)  
  14  0:27  Probe (Chrono Boost)  
  15  0:32  Probe  
  16  0:41  Gateway  
  16  0:44  Probe  
  17  0:50  Assimilator  
  17  0:56  Probe  
  18  1:08  Probe  
  19  1:20  Probe  
  20  1:27  Nexus  
  20  1:37  Cybernetics Core  
  20  1:41  Probe  
  21  1:49  Assimilator  
  21  1:53  Probe  
  22  1:57  Pylon  
  22  2:05  Probe  
  23  2:12  Adept (Chrono Boost)  
  23  2:13  Warp Gate  
  25  2:17  Probe  
  27  2:30  Probe (Chrono Boost)  
  27  2:32  Stargate  
  27  2:33  Adept (Chrono Boost)  
  29  2:40  Probe (Chrono Boost)  
  31  2:47  Probe (Chrono Boost)  
  31  2:49  Probe (Chrono Boost)  
  32  2:54  Probe (Chrono Boost)  
  32  2:55  Probe  
  34  3:05  Probe  
  34  3:07  Void Ray (Chrono Boost)  
  34  3:10  Probe  
  34  3:12  Pylon  
  36  3:18  Probe  
  41  3:20  Gateway  
  41  3:24  Probe  
  42  3:30  Probe  
  42  3:33  Pylon  
  43  3:38  Probe  
  43  3:40  Oracle (Chrono Boost)  
  44  3:42  Probe  
  44  3:45  Assimilator  
  48  3:50  Probe  
  48  3:54  Probe  
  50  4:02  Probe  
  51  4:05  Adept  
  51  4:06  Probe  
  51  4:08  Assimilator  
  54  4:14  Adept, Probe  
  57  4:18  Probe  
  57  4:21  Nexus  
  57  4:22  Pylon  
  58  4:26  Probe  
  58  4:30  Probe  
  60  4:31  Shield Battery  
  60  4:40  Probe  
  60  4:42  Probe  
  60  4:43  Sentry x2, Pylon  
  66  4:55  Probe x2  
  66  4:57  Robotics Facility, Gateway  
  68  5:00  Twilight Council  
  68  5:03  Forge  
  68  5:07  Probe x2  
  70  5:17  Shield Battery  
  70  5:19  Probe x2  
  72  5:31  Gateway, Probe (Chrono Boost)  
  72  5:32  Probe (Chrono Boost)  
  72  5:33  Gateway x2  
  74  5:36  Probe (Chrono Boost)  
  75  5:45  Probe x2 (Chrono Boost)  
  75  5:46  Assimilator, Probe (Chrono Boost)  
  75  5:47  Assimilator  
  75  5:49  Warp Prism  
  80  5:51  Protoss Ground Weapons Level 1 (Chrono Boost)  
  80  5:54  Templar Archives, Charge, Probe  
  80  5:55  Probe  
  82  5:57  Probe  
  83  6:05  Pylon  
  83  6:06  Probe  
  83  6:07  Probe  
  83  6:09  Probe  
  86  6:14  Pylon  
  86  6:18  Probe, Pylon  
  86  6:19  Probe  
  86  6:21  Probe  
  86  6:23  Phoenix  
  86  6:24  Phoenix  
  86  6:25  Photon Cannon  
  89  6:28  Observer  
  89  6:31  Zealot, High Templar x4  
  89  6:32  Zealot  
  101  6:35  Archon x2  
  101  6:39  Photon Cannon  
  102  6:40  Shield Battery  
  102  6:53  Gateway x2  
  102  6:56  Immortal (Chrono Boost)  
  106  7:11  Zealot x6  
  106  7:15  Psionic Storm  
  117  7:35  Probe x2  
  117  7:36  Probe  
  116  7:38  Immortal (Chrono Boost)  
  117  7:44  Pylon  
  117  7:45  Pylon  
  117  7:46  Pylon  
  117  7:48  Pylon  
  115  7:51  Pylon  
  115  7:55  Shield Battery  
  115  7:57  Shield Battery  
  111  8:10  High Templar x6, Immortal  
  127  8:13  Zealot  
  127  8:14  Zealot  
  127  8:18  Nexus  
  131  8:21  Pylon  
  131  8:22  Probe x2  
  131  8:23  Probe  
  131  8:25  Pylon  
  134  8:30  Photon Cannon  
  134  8:34  Pylon  
  134  8:38  Photon Cannon  
  134  8:41  Photon Cannon  
  134  8:43  Assimilator, Photon Cannon  
  134  8:45  Photon Cannon  
  134  8:47  Assimilator, Photon Cannon  
  134  8:49  Shield Battery  
  134  8:51  Shield Battery  
  134  8:53  Photon Cannon  
  134  8:54  Photon Cannon  
  134  8:55  High Templar x2  
  138  8:59  Shield Battery  
  138  9:00  Protoss Ground Weapons Level 2 (Chrono Boost), Shield Battery  
  142  9:15  Zealot x3  
  138  9:30  Fleet Beacon  
  134  9:32  Stargate  
  134  9:37  Stargate  
  134  9:38  Stalker x5  
  139  9:47  Phoenix  
  141  9:54  Photon Cannon  
  141  9:55  Photon Cannon  
  141  9:59  Probe x4  
  145  10:02  Photon Cannon  
  141  10:11  Probe x4  
  141  10:12  Phoenix (Chrono Boost)  
  143  10:15  Photon Cannon x2  
  143  10:16  Anion Pulse-Crystals, Phoenix (Chrono Boost)  
  143  10:21  Phoenix (Chrono Boost)  
  147  10:31  Probe x4  
  147  10:33  Photon Cannon  
  147  10:35  Photon Cannon  
  149  10:47  Phoenix x3  
  159  10:57  Mothership  
  159  11:02  Pylon  
  155  11:06  High Templar x4  
  169  11:11  Archon  
  169  11:12  Archon  
  167  11:24  Photon Cannon x2  
  167  11:26  Shield Battery x2  
  167  11:27  Shield Battery  
  167  11:30  Carrier x3 (Chrono Boost)  
  185  11:45  Photon Cannon  
  185  11:46  Photon Cannon  
  185  11:49  Protoss Air Weapons Level 1 (Chrono Boost)  
  185  11:56  Cybernetics Core  
  178  12:18  Zealot x8  
  194  12:30  Oracle  
  193  12:38  Protoss Ground Weapons Level 3  
  193  12:40  Pylon  
  193  12:53  Nexus  
  193  12:54  Pylon  
  193  12:55  Carrier (Chrono Boost)  
  193  12:58  Carrier (Chrono Boost), Pylon  
  199  13:04  Carrier (Chrono Boost)  
  187  13:25  Photon Cannon  
  186  13:28  Photon Cannon  
  186  13:30  Photon Cannon  
  186  13:32  Photon Cannon x2  
  186  13:33  Photon Cannon  
  186  13:35  High Templar x2  
  186  13:36  High Templar, Photon Cannon  
  186  13:37  High Templar x3  
  186  13:38  Photon Cannon  
  186  13:40  Shield Battery  
  198  13:42  Shield Battery  
  198  13:45  Shield Battery  
  198  13:48  Shield Battery  
  198  13:50  Assimilator  
  197  14:17  Nexus  
  197  14:19  Pylon  
  197  14:22  Pylon  
  197  14:23  Assimilator  
  197  14:25  Assimilator  
  197  14:31  Gateway  
  197  14:32  Gateway  
  197  14:33  Protoss Air Weapons Level 2 (Chrono Boost)  
  197  14:34  Gateway  
  197  14:35  Protoss Air Armor Level 1 (Chrono Boost), Archon  
  197  14:36  Gateway  
  177  14:45  Observer  
  161  14:50  Archon  
  161  14:51  Carrier  
  161  14:52  Carrier x2  
  163  14:58  High Templar x2  
  167  15:00  High Templar x5  
  167  15:05  Photon Cannon  
  173  15:07  Photon Cannon  
  173  15:09  Photon Cannon  
  173  15:11  Photon Cannon  
  173  15:15  Shield Battery, Photon Cannon  
  173  15:18  Warp Prism, Shield Battery  
  175  15:21  Shield Battery  
  175  15:23  Shield Battery  
  175  15:26  Protoss Shields Level 1  
  175  15:32  Zealot x6  
  175  15:33  Zealot x2  
  188  15:56  Oracle (Chrono Boost)  
  191  16:01  Archon  
  168  16:16  Carrier (Chrono Boost)  
  168  16:17  Carrier (Chrono Boost)  
  180  16:36  Zealot x10  
  185  17:00  High Templar x4  
  185  17:01  Zealot x2, High Templar x2  
  191  17:02  Zealot  
  191  17:05  Archon x3  
  185  18:22  Archon  
  185  18:23  Zealot, Archon  
  185  18:24  Zealot x4  

Tags
 
Add a new tag
Caveats
  • Supply blocks, unpowered buildings, or Contaminate may cause inaccurate times.
  • Supply counts are checked every 10 seconds.